 Dungeon Crawl Stone Soup version 0.30.1-9-gdf580d7c3d (webtiles) character file.

Game seed: 14019365265037275679

77 booth the Chopper (level 4, 0/41 HPs)
             Began as a Hill Orc Monk on Oct 4, 2023.
             Slain by a sky beast (5 damage)
             ... on level 3 of the Dungeon.
             The game lasted 00:14:33 (1857 turns).

booth the Chopper (Hill Orc Monk)                   Turns: 1857, Time: 00:14:33

Health: 0/41       AC:  2    Str: 15    XL:     4   Next: 33%
Magic:  0/4        EV: 12    Int: 10    God:
Gold:   185        SH:  0    Dex: 13    Spells: 3/3 levels left

rFire   . . .        a - +0 hand axe
rCold   + . .        d - orb {light}
rNeg    . . .        b - +0 robe
rPois   .            (no helmet)
rElec   .            (no cloak)
rCorr   .            (no gloves)
SInv    .            (no boots)
Will    .....        l - amulet of guardian spirit
Stlth   +            v - ring of protection from cold
HPRegen 0.26/turn    (no ring)
MPRegen 0.09/turn

%: guardian spirit
@: glowing
A: no striking features
a: no special abilities


You were on level 3 of the Dungeon.
You visited 1 branch of the dungeon, and saw 3 of its levels.

You collected 185 gold pieces.

Inventory:

Hand Weapons
 a - a +0 hand axe (weapon)
 i - a +0 mace
Missiles
 e - 6 boomerangs (quivered)
 j - 4 poisoned darts
 u - 3 javelins
Armour
 b - a +0 robe (worn)
 d - an orb of light (worn)
 f - a +0 ring mail
 h - a +0 buckler
 m - a scarf of shadows
Jewellery
 g - a ring of magical power
 l - an amulet of guardian spirit (around neck)
 v - a ring of protection from cold (left hand)
Scrolls
 q - a scroll of teleportation
 r - a scroll of immolation
 t - a scroll of enchant armour {unknown}
Potions
 c - a potion of ambrosia
 k - a potion of magic
 n - a potion of curing
 p - a potion of might {unknown}
 s - a potion of cancellation {unknown}


   Skills:
 + Level 4.4 Fighting
 * Level 5.4 Axes
 + Level 2.9 Dodging


You had 3 spell levels left.
You didn't know any spells.
Your spell library contained the following spells:

 Spells                   Type           Power      Damage    Failure   Level
 Blink                    Tloc           0%         N/A       50%         2
 Manifold Assault         Tloc           0%         N/A       98%         4
 Storm Form               Tmut/Air       0%         N/A       100%        7


Dungeon Overview and Level Annotations

Branches:
Dungeon (3/15)

Altars:
The Shining One


Message History

You hit the sky beast.
The sky beast is heavily wounded.
The sky beast completely misses you.
You barely miss the sky beast.
The sky beast is heavily wounded.
The sky beast closely misses you.
You barely miss the sky beast.
The sky beast is heavily wounded.
The sky beast hits you. The sky beast shocks you.
You hit the sky beast but do no damage.
The sky beast is heavily wounded.
The sky beast hits you. The sky beast shocks you.
You hit the sky beast but do no damage.
The sky beast is heavily wounded.
The sky beast misses you.
You hit the sky beast.
The sky beast is severely wounded.
The sky beast hits you. The sky beast shocks you.
You barely miss the sky beast.
The sky beast is severely wounded.
You hit the goblin. The goblin hits you with a +0 mace!
The sky beast barely misses you.
You hit the sky beast.
The sky beast is severely wounded.
You hit the goblin.
You kill the goblin!
The sky beast hits you. The sky beast shocks you.
* * * LOW HITPOINT WARNING * * *
You barely miss the sky beast.
The sky beast is severely wounded.
The sky beast hits you.
* * * LOW HITPOINT WARNING * * *
The sky beast shocks you.
* * * LOW HITPOINT WARNING * * *
You hit the sky beast.
The sky beast is almost dead.
The sky beast hits you.
* * * LOW HITPOINT WARNING * * *
The sky beast shocks you.
You die...

.......... #.........
#.........
##.........
+++########..........
.....?.$.............
............#..#....#
..........†........##
......Y@..<.)........
..#####)..###........
. #........).##.####
#.##..##...# .# .
#...#....# .#
..........[
#..##....### #..
...##


You could see a sky beast (invisible).

Vanquished Creatures
  2 adders (D:2)
  A worm (D:2)
  3 dart slugs
  7 endoplasms
  6 giant cockroaches
  3 goblins
  A hobgoblin (D:1)
  5 jackals (D:1)
  5 ball pythons
  3 bats
  3 frilled lizards
  2 kobolds
  5 rats
46 creatures vanquished.

Notes
Turn   | Place    | Note
-------+----------+-------------------------------------------
     0 | D:1      | booth the Hill Orc Monk began the quest for the Orb.
     0 | D:1      | Reached XP level 1. HP: 19/19 MP: 1/1
    70 | D:1      | Found a faded altar of an unknown god.
   323 | D:1      | Reached XP level 2. HP: 20/27 MP: 2/2
   939 | D:2      | Found a glowing golden altar of the Shining One.
   951 | D:2      | Reached XP level 3. HP: 25/33 MP: 3/3
  1169 | D:2      | Reached skill level 5 in Axes
  1591 | D:2      | Reached XP level 4. HP: 39/41 MP: 4/4
  1841 | D:3      | Noticed a sky beast
  1857 | D:3      | Slain by a sky beast

Illustrated notes

Levels and vault maps discovered:
D:1:      dpeg_arrival_ternary, layout_loops_ring,
          hellmonk_ecumenical_altar_lost_god, minivault_27
D:2:      minmay_chambers_of_twos, layout_basic, basic_altar,
          chequers_decorated_corner, chequers_serial_rivers_small_a,
          eino_tiny_chamber, kennysheep_nub
D:3:      layout_rooms, nemelex_altar_shiori

Skill      XL: |  1  2  3 |
---------------+----------+-----
Fighting       | 4 |  4.4
Axes           | 5 |  5.4
Dodging        | |  2.9

Action                     |  1- 3 |  4- 6 || total
---------------------------+-------+-------++-------
  Melee: Hand axe          |   117 |    24 ||   141
    Use: Scroll            |     1 |     4 ||     5
         Potion            |     1 |     1 ||     2
 Armour: Robe              |    23 |     2 ||    25
  Dodge: Dodged            |    85 |     7 ||    92
